 Dungeon Sprint DCSS version 0.29-a0-620-g13ace881f2 (webtiles) character file.

Game seed: 18268399514416650224

0 rocky1 the Skirmisher (level 1, 19/19 HPs)
             Began as a Ghoul Monk on June 18, 2022.
             Was a Believer of Okawaru.
             Quit the game in the Dungeon (Sprint VII: "The Pits").
             The game lasted 00:00:19 (61 turns).

rocky1 the Skirmisher (Ghoul Monk)                    Turns: 61, Time: 00:00:20

Health: 19/19      AC:  2    Str: 14    XL:     1   Next: 10%
Magic:  0/0        EV: 12    Int:  5    God:    Okawaru [**....]
Gold:   0          SH:  0    Dex: 11    Spells: 0/0 levels left

rFire   . . .      SeeInvis .     - Unarmed
rCold   + . .      Faith    .   (no shield)
rNeg    + + +      Spirit   .   a - +0 robe
rPois   ∞          Reflect  .   (no helmet)
rElec   .          Harm     .   (no cloak)
rCorr   .          Rampage  .   (no gloves)
Will    .....      NoTele   +   (no boots)
Stlth   ++........              (no amulet)
HPRegen 0.06/turn               (no ring)
MPRegen 0.07/turn               (no ring)

@: no status effects
A: claws 1, cold resistance 1, negative energy resistance 3, inhibited
regeneration, torment resistance 2, devour on kill
a: Renounce Religion, Heroism


You were in the Dungeon.
You worshipped Okawaru.
Okawaru was pleased with you.
You visited 1 branch

Inventory:

Armour
 a - a +0 robe (worn)
Scrolls
 g - a scroll of blinking
 i - 5 scrolls of amnesia
Potions
 b - a potion of ambrosia
 c - a potion of curing
 d - a potion of heal wounds
 e - a potion of haste
 f - 4 potions of magic
 h - 2 potions of invisibility


   Skills:
 + Level 3.4 Fighting
 + Level 2.8 Dodging
 + Level 2.4 Stealth
 + Level 3.4 Unarmed Combat


You couldn't memorise any spells.
You didn't know any spells.
Your spell library was empty.

Dungeon Overview and Level Annotations

Branches:
Dungeon (1/1)

Altars:
Ashenzari
Cheibriados
Dithmenos
Elyvilon
Fedhas
Gozag
Hepliaklqana
Kikubaaqudgha
Makhleb
Nemelex Xobeh
Okawaru
Qazlal
Ru
Sif Muna
Trog
Uskayaw
Vehumet
Wu Jian
Xom
Yredelemnul
Zin
The Shining One
Beogh
Jiyva
Lugonu


Innate Abilities, Weirdness & Mutations

You are immune to poison.
You have sharp fingernails.
Your flesh is cold resistant. (rC+)
You are immune to negative energy. (rN+++)
You do not regenerate when monsters are visible.
You are immune to unholy pain and torment.
You thrive by killing the living.


Message History

There is a sacrificial altar of Ru here.
There is a stormy altar of Qazlal here.
There is an iron altar of Okawaru here.
You kneel at the altar of Okawaru.
Okawaru welcomes you!
You can now gain great but temporary skills.
There is a stormy altar of Qazlal here.
There is a sacrificial altar of Ru here.
There is a shimmering blue altar of Sif Muna here.
There is a bloodstained altar of Trog here.
There is an open door to the Temple (Safe) here.
You open the door.
Found a +2 falchion, a +2 mace and a +2 quarterstaff.
There is an open door here.
Things that are here:
a +2 falchion; a +2 dagger
Things that are here:
a +2 mace; a +2 hand axe
Things that are here:
a +2 quarterstaff; a +2 trident of flaming You open the door.
Found 2 potions of magic, 10 stones and 2 scrolls of vulnerability.
There is an open door here.
f - 4 potions of magic (gained 2);
h - 2 potions of invisibility You see here 2 potions of berserk rage.
You see here 10 stones.
i - 5 scrolls of amnesia
Things that are here:
2 scrolls of vulnerability; a scroll of summoning You see here 10 stones.
You see here 2 potions of berserk rage.
There is an open door here.
Things that are here:
a +2 quarterstaff; a +2 trident of flaming
Things that are here:
a +2 mace; a +2 hand axe
Things that are here:
a +2 falchion; a +2 dagger
There is an open door here.
Are you sure you want to abandon this character and quit the game? (Confirm with "yes".)

############
#_________.#
#_________.#
#_______...###########++
##########'##...........
#.?(!')))'.##......#..#.
##########.##...........
.......@.'...........
####+#####......#..#.
#...........
####'#####++ #.......#
#.......# #.......#
#...<...# #.......#


There were no monsters in sight!

Vanquished Creatures
  A frilled lizard (D)
1 creature vanquished.

Notes
Turn   | Place    | Note
-------+----------+-------------------------------------------
     0 | D        | rocky1 the Ghoul Monk began the quest for the Orb.
     0 | D        | Reached XP level 1. HP: 19/19 MP: 0/0
    21 | D        | Found a bloodstained altar of Trog.
    21 | D        | Found a shimmering blue altar of Sif Muna.
    21 | D        | Found a viscous altar of Jiyva.
    21 | D        | Found a hazy altar of Hepliaklqana.
    21 | D        | Found an opulent altar of Gozag.
    22 | D        | Found a basalt altar of Yredelemnul.
    22 | D        | Found a shimmering altar of Xom.
    22 | D        | Found an ornate altar of the Wu Jian Council.
    22 | D        | Found a sacrificial altar of Ru.
    22 | D        | Found a stormy altar of Qazlal.
    22 | D        | Found an iron altar of Okawaru.
    22 | D        | Found a sparkling altar of Nemelex Xobeh.
    22 | D        | Found a burning altar of Makhleb.
    22 | D        | Found a blossoming altar of Fedhas.
    22 | D        | Found a shadowy altar of Dithmenos.
    22 | D        | Found a snail-covered altar of Cheibriados.
    25 | D        | Found a corrupted altar of Lugonu.
    25 | D        | Found a radiant altar of Vehumet.
    26 | D        | Found an ancient bone altar of Kikubaaqudgha.
    26 | D        | Found a hide-covered altar of Uskayaw.
    26 | D        | Found a broken altar of Ashenzari.
    30 | D        | Became a worshipper of Warmaster Okawaru
    30 | D        | Reached * piety under Okawaru
    30 | D        | Reached ** piety under Okawaru
    61 | D        | Quit the game

Illustrated notes

Levels and vault maps discovered:
D:        pitsprint [storerooms_1, entrance_room_1, metal_vault_5, armoury_1,
          mini_pit_1, grid_room_1, main_hall_1, silver_pit, the_coven_3,
          the_vestibule_1, steel_vault_3, golden_pit, hallway_of_sentries,
          crystal_vault_2, iron_vault_2, final_vault]

Action                   || total
-------------------------++-------
Melee: Unarmed           ||     4
Armor: Robe              ||     1
Dodge: Dodged            ||     2

Table legend: (Time is in decaauts)
 A = Elapsed time spent in this place.
 B = Non-inter-level travel time spent in this place.
 C = Inter-level travel time spent in this place.
 D = Time resting spent in this place.
 E = Time spent auto-exploring this place.
 F = Levels seen in this place.
 G = Mean time per level.
                   A        B        C        D        E       F      G
               +--------+--------+--------+--------+--------+-----+--------+
         Total |     60 |     60 |      0 |      0 |      0 |   1 |   60.0 |
       Dungeon |     60 |     60 |      0 |      0 |      0 |   1 |   60.0 |
               +--------+--------+--------+--------+--------+-----+--------+

Top non-repeatable levels by time:
       D: 60 daAuts
